 Dungeon Crawl Stone Soup version 0.29.1-1-gd02db6906a (webtiles) character file.

Game seed: 14433727833839358202

40 LustLizard the Slasher (level 3, 0/27 HPs)
             Began as a Human Gladiator on Oct 3, 2022.
             Succumbed to a goblin's poison
             ... on level 2 of the Dungeon.
             The game lasted 00:02:35 (938 turns).

LustLizard the Slasher (Human Gladiator)             Turns: 938, Time: 00:02:36

Health: 0/27       AC: 11    Str: 16    XL:     3   Next: 72%
Magic:  3/3        EV:  5    Int:  8    God:
Gold:   102        SH:  0    Dex: 14    Spells: 2/2 levels left

rFire   . . .      SeeInvis .   a - +0 long sword
rCold   . . .      Faith    .   (no shield)
rNeg    . . .      Spirit   .   j - +0 plate armour
rPois   .          Reflect  .   c - +0 helmet
rElec   .          Harm     .   (no cloak)
rCorr   .          Rampage  .   (no gloves)
Will    .....                   (no boots)
Stlth   ..........              (no amulet)
HPRegen 0.09/turn               (no ring)
MPRegen 0.08/turn               (no ring)

@: lethally poisoned (0 -> -13)
A: no striking features
a: no special abilities


You were on level 2 of the Dungeon.
You visited 1 branch of the dungeon, and saw 2 of its levels.

You collected 102 gold pieces.

Inventory:

Hand Weapons
 a - a +0 long sword (weapon)
Missiles
 d - 3 throwing nets (quivered)
 e - a javelin
Armour
 b - a +0 leather armour
 c - a +0 helmet (worn)
 j - a +0 plate armour (worn)
Scrolls
 g - a scroll of enchant armour {unknown}
 h - 2 scrolls of identify {unknown}
 i - a scroll of noise {unknown}
Potions
 f - a potion of haste {unknown}
 k - a potion of curing {unknown}


   Skills:
 + Level 2.3 Fighting
 * Level 3.5 Long Blades
 + Level 2.3 Throwing
 + Level 1.1 Armour
 + Level 3.2 Dodging


You had 2 spell levels left.
You didn't know any spells.
Your spell library contained the following spells:

 Spells                   Type           Power      Damage    Failure   Level
 Corpse Rot               Necr/Pois/Air  0%         N/A       100%        4
 Dispel Undead            Necr           0%         3d6       100%        4
 Death Channel            Necr           0%         N/A       100%        6


Dungeon Overview and Level Annotations

Branches:
Dungeon (2/15)

Altars:

Shops:
D:1 [

Annotations:
D:2 Robin


Message History

The goblin no longer looks unusually strong. x2
The goblin hits you but does no damage.
You hit the goblin.
The goblin is severely wounded.
A goblin comes into view. It is wielding a +0 dagger.
The goblin hits you but does no damage.
You hit the goblin.
You kill the goblin!
Robin roars a battlecry!
The goblins go into a battle-frenzy!
You slash the goblin!
You kill the goblin!
Robin roars a battlecry!
A goblin and a hobgoblin come into view.
The goblin shouts!
The goblin hits you but does no damage.
You are poisoned.
The goblin moves out of view.
Items here: )))) †††.
You closely miss the goblin.
You feel very sick.
The goblin hits you with a +0 dagger of venom.
You are more poisoned.
Robin says, "Feeling lonely?"
Robin hits you from afar with a +3 trident.
Robin hits you but does no damage. The goblin hits you but does no damage.
You are more poisoned.
You hit the goblin but do no damage.
You feel very sick.
The goblin hits you with a +0 dagger of venom.
* * * LOW HITPOINT WARNING * * *
Robin throws the goblin at you! The goblin hits you but does no damage.
You miss the goblin.
* * * LOW HITPOINT WARNING * * *
You feel very sick. Robin barely misses you. The goblin barely misses you.
The goblin hits you but does no damage.
You slash the goblin!
You kill the goblin!
You die...

#### ### ..# ## #..
#.# #. ### ######
#.#####. ##.#
#..#.####....... #.##
##...........[..
##.###.###.###..#####
##.#g## #.# #..#
##@## #.# #.##
###)#####.# #.#
.##.ggg...#.###.#
#.....g..........#
####.......#.###.#
#.#####.g.....
#.#P..#...###.
###...####g. .#...#
#..


You could see Robin, a hobgoblin (strong) and 3 goblins.

Vanquished Creatures
  3 dart slugs (D:1)
  5 endoplasms (D:1)
  A giant cockroach (D:1)
  7 goblins
  4 hobgoblins
  2 quokkas
  3 bats (D:1)
  2 frilled lizards (D:1)
  4 rats (D:1)
31 creatures vanquished.

Notes
Turn   | Place    | Note
-------+----------+-------------------------------------------
     0 | D:1      | LustLizard the Human Gladiator began the quest for the Orb.
     0 | D:1      | Reached XP level 1. HP: 16/16 MP: 1/1
    35 | D:1      | Found Xixtyzoy's Antique Armour Boutique.
   139 | D:1      | Reached XP level 2. HP: 13/22 MP: 2/2
   360 | D:1      | Reached XP level 3. HP: 27/27 MP: 3/3
   486 | D:1      | Reached skill level 1 in Armour
   915 | D:2      | Noticed Robin
   938 | D:2      | Succumbed to a goblin's poison

Illustrated notes

Levels and vault maps discovered:
D:1:      denvon_arrival_planthouse, layout_basic, serial_shops, shop
D:2:      layout_loops_ring, serial_aquarium, aquarium_bridge_square
          [aquarium_subvault_bridge, aquarium_subvault_window,
          aquarium_subvault_window, aquarium_subvault_bridge],
          aquarium_window_fake, aquarium_window_fake, aquarium_window_fake,
          aquarium_view_2c, aquarium_pool_split, minmay_misc_feat_square,
          uniq_robin

Skill      XL: |  1  2  3 |
---------------+----------+-----
Armour         | 1 |  1.1
Fighting       | |  2.3
Long Blades    | |  3.5
Throwing       | |  2.3
Dodging        | |  3.2

Action                   || total
-------------------------++-------
Melee: Long sword        ||    93
 Stab: Sleeping          ||     1
Armor: Leather armour    ||    29
       Plate armour      ||    18
Dodge: Dodged            ||    55
